 Dungeon Crawl Stone Soup version 0.28.0-53-g5a82cb258f (webtiles) character file.

Game seed: 5133538631567064897

84 mcbry74 the Firebug (level 4, -4/33 HPs)
             Began as a Hill Orc Fire Elementalist on July 7, 2022.
             Slain by Terence
             ... wielding a +0 hand axe
              (7 damage)
             ... on level 3 of the Dungeon.
             The game lasted 00:12:18 (2944 turns).

mcbry74 the Firebug (Hill Orc Fire Elementalist)    Turns: 2944, Time: 00:12:18

Health: -4/33      AC:  2    Str: 10    XL:     4   Next: 45%
Magic:  2/6        EV: 12    Int: 17    God:
Gold:   82         SH:  0    Dex: 11    Spells: 3/6 levels left

rFire   . . .      SeeInvis .   b - +0 dagger
rCold   . . .      Faith    .   (no shield)
rNeg    . . .      Spirit   .   a - +0 robe
rPois   .          Reflect  .   (no helmet)
rElec   .          Harm     .   (no cloak)
rCorr   .          Rampage  .   (no gloves)
Will    +....                   (no boots)
Stlth   +.........              (no amulet)
HPRegen 0.11/turn               (no ring)
MPRegen 0.10/turn               (no ring)

@: silenced
A: hooves 1, strong-willed 1, mutation resistance 1
a: no special abilities


You were on level 3 of the Dungeon.
You visited 1 branch of the dungeon, and saw 3 of its levels.

You collected 82 gold pieces.

Inventory:

Hand Weapons
 b - a +0 dagger (weapon)
Armour
 a - a +0 robe (worn)
Jewellery
 f - a ring of flight
Scrolls
 e - a scroll of teleportation {unknown}
 g - a scroll of fog {unknown}
 h - a scroll of fear {unknown}
 i - a scroll of immolation {unknown}
Potions
 d - a potion of mutation


   Skills:
 - Level 1.5 Dodging
 - Level 1.5 Stealth
 - Level 1.5 Spellcasting
 + Level 1.9 Conjurations
 + Level 5.2 Fire Magic


You had 3 spell levels left.
You knew the following spells:

 Your Spells              Type           Power      Damage    Failure   Level
a - Foxfire               Conj/Fire      52%        2x1d6     4%          1
b - Scorch                Fire           38%        2d7       3%          2

Your spell library contained the following spells:

 Spells                   Type           Power      Damage    Failure   Level
 Conjure Flame            Conj/Fire      13%        6-21      14%         3
 Sandblast                Erth           2%         2d4       21%         1
 Inner Flame              Hex/Fire       10%        N/A       21%         3
 Passwall                 Tmut/Erth      0%         N/A       30%         2
 Stone Arrow              Conj/Erth      8%         3d7       38%         3
 Flame Wave               Conj/Fire      13%        2d6       41%         4


Dungeon Overview and Level Annotations

Branches:
Dungeon (3/15)

Altars:

Portals:
Abyss: D:3

Annotations:
D:3 NiggerDarts's ghost, amateur HuFi; Terence


Innate Abilities, Weirdness & Mutations

You have large cloven feet.
You are strong-willed. (Will+)
You are somewhat resistant to further mutation.


Message History

You hit Terence but do no damage. The jackal closely misses you.
The jackal barely misses you. Terence hits you with a +0 hand axe.
You closely miss Terence. You kick Terence, but do no damage.
The jackal bites you but does no damage.
Terence closely misses you.
You barely miss Terence. You kick Terence, but do no damage.
The jackal bites you. Terence barely misses you.
You hit the jackal. Your kick misses the jackal.
The jackal is moderately wounded.
The jackal closely misses you. x2; Terence closely misses you.
You hit the jackal.
The jackal is severely wounded.
The jackal barely misses you. Terence hits you with a +0 hand axe.
You closely miss the jackal. You kick the jackal.
You kill the jackal!
Terence barely misses you.
You hit the jackal but do no damage. Your kick misses the jackal.
The jackal barely misses you. Terence hits you with a +0 hand axe.
You completely miss the jackal. You kick the jackal, but do no damage.
The jackal bites you but does no damage.
The jackal closely misses you. Terence barely misses you.
You closely miss the jackal. The jackal closely misses you. Terence misses you.
You hit the jackal. You kick the jackal.
The jackal is severely wounded.
The jackal bites you.
* * * LOW HITPOINT WARNING * * *
The jackal barely misses you. Terence hits you with a +0 hand axe.
* * * LOW HITPOINT WARNING * * *
You hit the jackal but do no damage. You kick the jackal.
You kill the jackal!
Terence hits you with a +0 hand axe.
* * * LOW HITPOINT WARNING * * *
You hit the worm but do no damage. You kick the worm.
The worm is lightly wounded.
Terence hits you with a +0 hand axe.
* * * LOW HITPOINT WARNING * * *
You barely miss the worm. You kick the worm.
The worm is lightly wounded.
The worm closely misses you. Terence hits you with a +0 hand axe!
You die...

#.<..... #...>. ##### #...
#... #.####.######
#...h.......#
################.####.####.#
.................# #.#
####...###.#####w# #h#
.......###.## #@# #.#
####...##...####@# #.#
#####..#....#.####w# ####
#....##.#......#
.........#.##.#..####.#####..
###.######...###.# #...hh...
#.# #.##.#..## #†#######
#..#####.###.#..##...
#....(...............


You could see Terence and a worm.

Vanquished Creatures
  2 adders
  A worm (D:2)
  4 dart slugs
  4 orcs (D:3)
  2 endoplasms
  2 giant cockroaches
  4 goblins
  4 hobgoblins (D:1)
  3 jackals (D:3)
  8 ball pythons
  5 bats
  3 frilled lizards
  4 kobolds
  4 rats
50 creatures vanquished.

Vanquished Creatures (others)
  A jackal (D:3)
  90 foxfires
91 creatures vanquished.

Grand Total: 141 creatures vanquished

Notes
Turn   | Place    | Note
-------+----------+-------------------------------------------
     0 | D:1      | mcbry74 the Hill Orc Fire Elementalist began the quest for
                  | the Orb.
     0 | D:1      | Reached XP level 1. HP: 14/14 MP: 3/3
   313 | D:1      | Reached XP level 2. HP: 20/20 MP: 2/4
   318 | D:1      | Learned a level 2 spell: Scorch
   391 | D:1      | Reached skill level 4 in Fire Magic
   711 | D:1      | Found a faded altar of an unknown god.
   958 | D:1      | Reached XP level 3. HP: 26/26 MP: 0/5
  1968 | D:2      | Reached skill level 5 in Fire Magic
  2563 | D:3      | Reached XP level 4. HP: 33/33 MP: 2/6
  2813 | D:3      | Found a one-way gate to the infinite horrors of the Abyss.
  2813 | D:3      | Noticed NiggerDarts's ghost (amateur HuFi)
  2923 | D:3      | Noticed Terence
  2931 | D:3      | Gained mutation: You have large cloven feet. [potion of
                  | mutation]
  2931 | D:3      | Gained mutation: You are somewhat resistant to further
                  | mutation. [potion of mutation]
  2931 | D:3      | Gained mutation: You are strong-willed. (Will+) [potion of
                  | mutation]
  2944 | D:3      | Slain by Terence

Illustrated notes

Levels and vault maps discovered:
D:1:      dpeg_arrival_refuge, layout_loops_ring,
          hellmonk_ecumenical_altar_crossroads
D:2:      layout_basic, serial_rivers, chequers_serial_rivers_small_3,
          chequers_serial_rivers_micro_a, chequers_serial_rivers_micro_a,
          chequers_serial_rivers_large_a, chequers_serial_rivers_room_b,
          chequers_serial_rivers_room_a
D:3:      layout_loops_ring, fedhas_altar_3, gammafunk_ghost_abyssal_escape,
          minmay_goblin_kobold_house, uniq_terence

Skill      XL: |  1  2  3 |
---------------+----------+-----
Fire Magic     | 4 5 |  5.2
Dodging        | |  1.5
Stealth        | |  1.5
Spellcasting   | |  1.5
Conjurations   | |  1.9

Action                   |  1- 3 |  4- 6 || total
-------------------------+-------+-------++-------
Melee: Dagger            |    23 |    21 ||    44
       Kick              |       |     8 ||     8
 Cast: Foxfire           |    40 |    12 ||    52
       Scorch            |     8 |     5 ||    13
  Use: Scroll            |       |     1 ||     1
       Potion            |       |     1 ||     1
Armor: Robe              |    11 |     5 ||    16
Dodge: Dodged            |    23 |    36 ||    59
